 Dungeon Sprint DCSS version 0.30-a0-949-g53dc5368d7 (webtiles) character file.

Game seed: 474236232929983484

46489 BigDaddyOpFi the Demonic Cataclysm (level 14, 0/134 HPs)
             Began as a Demonspawn Fighter on Mar 27, 2023.
             Was a High Priest of Qazlal.
             Hit by a boomerang thrown by a merfolk (12 damage)
             ... led by a merfolk javelineer
             ... in the Dungeon (Sprint VII: "The Pits").
             The game lasted 00:08:26 (4672 turns).

BigDaddyOpFi the Demonic Cataclysm (DsFi)           Turns: 4672, Time: 00:08:27

Health: 0/134      AC: 34    Str: 21    XL:     14   Next: 5%
Magic:  2/31       EV:  7    Int: 11    God:    Qazlal [*****.]
Gold:   18         SH: 16    Dex: 15    Spells: 13/13 levels left

rFire   . . .      SeeInvis .    n - +2 broad axe (flame)
rCold   . . .      Faith    .    c - +0 buckler
rNeg    . . .      Spirit   .    y - +7 plate armour
rPois   .          Reflect  .    (helmet restricted)
rElec   .          Rampage  .    a - scarf {shadows}
rCorr   .          NoTele   +    x - +1 pair of gloves
Will    +....                    (no boots) Stlth
                                 (no amulet)
HPRegen 0.42/turn                b - +3 ring of protection
MPRegen 0.22/turn                d - +3 ring of dexterity

@: protected from physical damage, repel missiles
A: horns 2, rugged brown scales 2, ignite blood 2, spiny 2
a: Renounce Religion, Upheaval, Elemental Force, Disaster Area


You were in the Dungeon.
You worshipped Qazlal.
Qazlal was extremely pleased with you.
You visited 1 branch You collected 18 gold pieces.

Inventory:

Hand Weapons
 n - a +2 broad axe of flaming (weapon)
Armour
 a - a scarf of shadows (worn)
 c - a +0 buckler (worn)
 x - a +1 pair of gloves (worn)
 y - a +7 plate armour (worn)
Jewellery
 b - a +3 ring of protection (left hand)
 d - a +3 ring of dexterity (right hand)
 s - a ring of fire
 w - a ring of ice
Scrolls
 j - a scroll of fog
 l - 2 scrolls of fear
 q - a scroll of blinking
 r - a scroll of identify
 v - a scroll of poison
Potions
 e - 2 potions of curing
 f - 4 potions of heal wounds
 g - 2 potions of haste
 h - a potion of magic
 i - 5 potions of berserk rage
 k - 2 potions of invisibility
 m - a potion of might
 u - a potion of brilliance
Miscellaneous
 t - a phial of floods


   Skills:
 + Level 17.0 Fighting
 + Level 15.6 Axes
 + Level 15.6 Armour
 + Level 15.7 Shields
 O Level 27 Invocations


You had 13 spell levels left.
You didn't know any spells.
Your spell library contained the following spells:

 Spells                   Type           Power      Damage    Failure   Level
 Cigotuvi's Dreadful Rot  Necr/Pois/Air  0%         N/A       99%         2
 Poisonous Vapours        Pois/Air       0%         N/A       99%         2
 Mephitic Cloud           Conj/Pois/Air  0%         N/A       100%        3
 Summon Lightning Spire   Summ/Air       0%         N/A       100%        4
 Storm Form               Tmut/Air       0%         N/A       100%        7
 Maxwell's Capacitive Co  Air            0%         ∞         100%        8


Dungeon Overview and Level Annotations

Branches:
Dungeon (1/1)

Altars:
Ashenzari
Cheibriados
Dithmenos
Fedhas
Gozag
Hepliaklqana
Kikubaaqudgha
Makhleb
Nemelex Xobeh
Okawaru
Qazlal
Ru
Sif Muna
Trog
Uskayaw
Vehumet
Wu Jian
Xom
Yredelemnul
Jiyva
Lugonu


Innate Abilities, Weirdness & Mutations

You have a pair of horns on your head.
You are mostly covered in rugged brown scales. (AC +2, +5% HP)
Your demonic aura often causes spilled blood to erupt in flames.
You are mostly covered in sharp spines.


Message History

Your demonic ancestry asserts itself...
Your blood runs red-hot!
Aiming: Upheaval
Press: ? - help, Dir - move target, f - merfolk
Aim: a merfolk, wielding a +0 glaive and wearing a +2 robe of willpower (lightly wounded) That beam is likely to hit you.
Continue anyway?
The ground shakes violently, spewing rubble!
The blast of rubble hits the merfolk!!!
The merfolk is almost dead.
The blast of rubble hits you but does no damage.
The merfolk is engulfed in blazing flames.
You kill the merfolk!
Qazlal accepts your kill.
Unknown command.
Why would you want to do that? Why would you want to do that?
Why would you want to do that?
You start resting.
A merfolk is nearby!
A merfolk is nearby!
A merfolk is nearby!
A merfolk is nearby!
Aiming: Upheaval
Press: ? - help, Dir - move target, f - merfolk
Aim: a merfolk, wielding a +0 trident and quivering boomerangs (heavily wounded)
A blizzard blasts the area with ice!
The blast of ice hits the merfolk!!
You kill the merfolk!
Qazlal accepts your kill. x2
You feel a bit more experienced.
Your Fighting skill increases to level 17!
You start resting.
A merfolk comes into view.
It is wielding a +0 trident and wearing a +2 chain mail of fire resistance.
A merfolk is nearby!
A merfolk is nearby!
A merfolk is nearby!
You don't have enough magic at the moment.
Unknown command.
The merfolk throws a boomerang.
The boomerang hits you!
You die...

###################
#.§................
#§.○...............
#§@################
#.≈##m#.# #
#○≈#)#≈# # #≈.m#§#
# #.)#≈#§# #
#≈.##≈#Y# # #..#
####
#############≈≈≈
#_________.##≈≈≈≈


You could see a merfolk.

Vanquished Creatures
  A deep elf blademaster (D)
  A death cob (D)
  Ilsuiw (D)
  An emperor scorpion (D)
  Aizul (D)
  An angel (D)
  2 orc warlords (D)
  A vampire knight (D)
  A minotaur (D)
  A blizzard demon (D)
  3 merfolk javelineers (D)
  A fire dragon (D)
  A yaktaur captain (D)
  An ice dragon (D)
  2 merfolk impalers (D)
  Harold (D)
  2 alligator snapping turtles (D)
  4 two-headed ogres (D)
  An ogre mage (D)
  A merfolk avatar (D)
  An anaconda (D)
  A catoblepas (D)
  2 death yaks (D)
  Nergalle (D)
  A naga warrior (D)
  4 deep elf knights (D)
  A sea snake (D)
  2 flayed ghosts (D)
  A deep troll (D)
  A spriggan druid (D)
  2 lindwurms (D)
  15 orc knights (D)
  A wolf spider (D)
  An elephant (D)
  A merfolk siren (D)
  An eye of devastation (D)
  A demonic crawler (D)
  A smoke demon (D)
  A gargoyle (D)
  A cane toad (D)
  2 komodo dragons (D)
  An efreet (D)
  A freezing wraith (D)
  4 guardian mummies (D)
  A red devil (D)
  8 merfolk (D)
  A hellwing (D)
  2 tarantellas (D)
  2 polar bears (D)
  3 hornets (D)
  A flying skull (D)
  2 spriggans (D)
  A shadow (D)
  A vampire (D)
  A ynoxinul (D)
  A fire elemental (D)
  A steam dragon (D)
  2 basilisks (D)
  2 redbacks (D)
  2 chaos spawn (D)
  Menkaure (D)
  A water moccasin (D)
  A floating eye (D)
  A black bear (D)
  An orc warrior (D)
  An ogre (D)
  3 centaurs (D)
  A gnoll sergeant (D)
  A necrophage (D)
  4 wights (D)
  A gnoll bouda (D)
  2 hounds (D)
  An orc priest (D)
  An iguana (D)
  An orc wizard (D)
  A hell rat (D)
  12 gnolls (D)
  A white imp (D)
  An ufetubus (D)
  An adder simulacrum (D)
  6 orcs (D)
  A hobgoblin (D)
  10 jackals (D)
  A ball python (D)
  A bat (D)
  2 frilled lizards (D)
  2 kobolds (D)
  A rat (D)
168 creatures vanquished.

Notes
Turn   | Place    | Note
-------+----------+-------------------------------------------
     0 | D        | BigDaddyOpFi the Demonspawn Fighter began the quest for the
                  | Orb.
     0 | D        | Reached XP level 1. HP: 18/18 MP: 1/1
    18 | D        | Found a bloodstained altar of Trog.
    18 | D        | Found a shimmering blue altar of Sif Muna.
    18 | D        | Found a viscous altar of Jiyva.
    18 | D        | Found a hazy altar of Hepliaklqana.
    18 | D        | Found an opulent altar of Gozag.
    19 | D        | Found a basalt altar of Yredelemnul.
    19 | D        | Found a shimmering altar of Xom.
    19 | D        | Found an ornate altar of the Wu Jian Council.
    19 | D        | Found a sacrificial altar of Ru.
    19 | D        | Found a stormy altar of Qazlal.
    19 | D        | Found an iron altar of Okawaru.
    19 | D        | Found a sparkling altar of Nemelex Xobeh.
    19 | D        | Found a burning altar of Makhleb.
    19 | D        | Found a blossoming altar of Fedhas.
    19 | D        | Found a shadowy altar of Dithmenos.
    19 | D        | Found a snail-covered altar of Cheibriados.
    20 | D        | Found a radiant altar of Vehumet.
    20 | D        | Found a corrupted altar of Lugonu.
    21 | D        | Found a hide-covered altar of Uskayaw.
    21 | D        | Found an ancient bone altar of Kikubaaqudgha.
    21 | D        | Found a broken altar of Ashenzari.
    24 | D        | Became a worshipper of Qazlal Stormbringer
    58 | D        | Reached skill level 1 in Invocations
    58 | D        | Reached * piety under Qazlal
    61 | D        | Reached skill level 2 in Invocations
    82 | D        | Noticed a floating eye
    83 | D        | Paralysed by a floating eye for 2 turns
    85 | D        | Reached ** piety under Qazlal
    86 | D        | Gained mutation: You are partially covered in rugged brown
                  | scales. (AC +1, +3% HP) [demonic ancestry]
    86 | D        | Reached XP level 2. HP: 18/24 MP: 3/3
    87 | D        | Paralysed by a floating eye for 4 turns
    91 | D        | Killed a floating eye
    92 | D        | Reached skill level 6 in Invocations
    92 | D        | Reached XP level 3. HP: 25/31 MP: 3/7
    92 | D        | Reached XP level 4. HP: 32/39 MP: 3/9
   434 | D        | Reached *** piety under Qazlal
   436 | D        | Reached skill level 7 in Invocations
   502 | D        | Noticed a flying skull
   508 | D        | Reached **** piety under Qazlal
   509 | D        | Reached skill level 5 in Fighting
   509 | D        | Gained mutation: You have a pair of small horns on your
                  | head. [demonic ancestry]
   509 | D        | Reached XP level 5. HP: 37/45 MP: 10/10
   523 | D        | Killed a flying skull
   523 | D        | Noticed a black bear
   524 | D        | Reached skill level 5 in Axes
   524 | D        | Reached skill level 5 in Armour
   524 | D        | Reached skill level 5 in Shields
   524 | D        | Reached skill level 9 in Invocations
   524 | D        | Reached XP level 6. HP: 27/53 MP: 10/13
   527 | D        | Reached skill level 10 in Invocations
   546 | D        | Reached ***** piety under Qazlal
   549 | D        | Reached skill level 11 in Invocations
   556 | D        | Gained mutation: Your demonic aura sometimes causes spilled
                  | blood to erupt in flames. [demonic ancestry]
   556 | D        | Reached XP level 7. HP: 42/60 MP: 15/15
   876 | D        | Noticed a ynoxinul
   883 | D        | Killed a ynoxinul
   907 | D        | Noticed Menkaure
   917 | D        | Killed Menkaure
   918 | D        | Reached skill level 12 in Invocations
   921 | D        | Reached ****** piety under Qazlal
   958 | D        | Noticed a basilisk
   958 | D        | Noticed an elephant
   959 | D        | Killed a basilisk
   959 | D        | Killed an elephant
   960 | D        | Reached skill level 14 in Invocations
   960 | D        | Reached XP level 8. HP: 71/71 MP: 8/18
  1150 | D        | Noticed a cane toad
  1151 | D        | Noticed a lindwurm
  1153 | D        | Killed a cane toad
  1159 | D        | HP: 1/71 [lindwurm (4)]
  1160 | D        | Killed a lindwurm
  1161 | D        | Reached skill level 15 in Invocations
  1161 | D        | Gained mutation: You have a pair of horns on your head.
                  | [demonic ancestry]
  1161 | D        | Reached XP level 9. HP: 1/78 MP: 11/20
  1599 | D        | Noticed a guardian mummy
  1599 | D        | Noticed a komodo dragon
  1600 | D        | Killed a guardian mummy
  1605 | D        | Reached skill level 16 in Invocations
  1606 | D        | Killed a komodo dragon
  1694 | D        | Noticed a freezing wraith
  1694 | D        | Noticed an efreet
  1699 | D        | HP: 4/80 [efreet/+1 scimitar of flaming (6)]
  1703 | D        | Killed a freezing wraith
  1703 | D        | Killed an efreet
  1704 | D        | Reached skill level 10 in Fighting
  1704 | D        | Reached skill level 17 in Invocations
  1713 | D        | Gained mutation: You are partially covered in sharp spines.
                  | [demonic ancestry]
  1713 | D        | Reached XP level 10. HP: 27/87 MP: 3/22
  2095 | D        | Noticed a smoke demon
  2098 | D        | Killed a smoke demon
  2101 | D        | Reached skill level 18 in Invocations
  2110 | D        | Noticed a gargoyle
  2111 | D        | Killed a gargoyle
  2304 | D        | Noticed a flayed ghost
  2308 | D        | Reached skill level 10 in Shields
  2312 | D        | Killed a flayed ghost
  2313 | D        | Reached skill level 10 in Armour
  2336 | D        | Noticed a merfolk siren
  2339 | D        | Killed a merfolk siren
  2340 | D        | Reached skill level 10 in Axes
  2340 | D        | Reached skill level 19 in Invocations
  2340 | D        | Reached XP level 11. HP: 95/95 MP: 15/24
  2340 | D        | Noticed a merfolk impaler
  2341 | D        | Noticed Ilsuiw
  2341 | D        | Noticed a merfolk javelineer
  2344 | D        | Killed a merfolk impaler
  2344 | D        | Killed a merfolk javelineer
  2345 | D        | Reached skill level 20 in Invocations
  2363 | D        | Killed Ilsuiw
  2721 | D        | Noticed a flayed ghost
  2728 | D        | Killed a flayed ghost
  2729 | D        | Reached skill level 21 in Invocations
  2925 | D        | Noticed a sea snake
  2940 | D        | Killed a sea snake
  3297 | D        | Noticed a vampire knight
  3299 | D        | Killed a vampire knight
  3450 | D        | Noticed an orc knight
  3452 | D        | Killed an orc knight
  3497 | D        | Noticed a lindwurm
  3498 | D        | Noticed a death cob
  3504 | D        | Killed a lindwurm
  3505 | D        | Reached skill level 22 in Invocations
  3506 | D        | HP: 2/100 [death cob (21)]
  3509 | D        | Killed a death cob
  3697 | D        | Noticed an alligator snapping turtle
  3697 | D        | Noticed an emperor scorpion
  3697 | D        | Noticed a deep elf blademaster
  3697 | D        | Noticed an ice dragon
  3697 | D        | Noticed Nergalle
  3697 | D        | Noticed a fire dragon
  3697 | D        | Noticed a spriggan druid
  3698 | D        | Killed a spriggan druid
  3698 | D        | Killed a deep elf blademaster
  3698 | D        | Killed an ice dragon
  3698 | D        | Killed Nergalle
  3698 | D        | Killed a fire dragon
  3699 | D        | Reached skill level 23 in Invocations
  3699 | D        | Gained mutation: You are mostly covered in rugged brown
                  | scales. (AC +2, +5% HP) [demonic ancestry]
  3699 | D        | Reached XP level 12. HP: 75/111 MP: 18/27
  3699 | D        | Killed a death yak
  3701 | D        | Killed an alligator snapping turtle
  3724 | D        | Noticed a death yak
  3727 | D        | Killed a death yak
  3737 | D        | Killed an emperor scorpion
  3738 | D        | Reached skill level 24 in Invocations
  4058 | D        | Noticed a two-headed ogre
  4059 | D        | Noticed a two-headed ogre
  4059 | D        | Noticed a two-headed ogre
  4059 | D        | Noticed a two-headed ogre
  4059 | D        | Noticed Aizul
  4060 | D        | Noticed an orc warlord
  4060 | D        | Killed a two-headed ogre
  4060 | D        | Killed a two-headed ogre
  4060 | D        | Killed a two-headed ogre
  4062 | D        | Killed a two-headed ogre
  4063 | D        | Noticed a minotaur
  4064 | D        | Killed a naga warrior
  4064 | D        | Killed a blizzard demon
  4064 | D        | Killed an orc warlord
  4065 | D        | Reached skill level 15 in Fighting
  4065 | D        | Reached skill level 25 in Invocations
  4065 | D        | Gained mutation: You are mostly covered in sharp spines.
                  | [demonic ancestry]
  4065 | D        | Reached XP level 13. HP: 96/120 MP: 13/29
  4065 | D        | Noticed an orc warlord
  4066 | D        | Killed a minotaur
  4067 | D        | Reached skill level 26 in Invocations
  4076 | D        | Killed Aizul
  4076 | D        | Killed an orc warlord
  4494 | D        | Reached skill level 27 in Invocations
  4620 | D        | Reached skill level 15 in Shields
  4628 | D        | Noticed a merfolk javelineer
  4638 | D        | Noticed an angel
  4641 | D        | Killed a merfolk javelineer
  4642 | D        | Reached skill level 15 in Axes
  4642 | D        | Reached skill level 15 in Armour
  4644 | D        | Noticed a merfolk javelineer
  4646 | D        | Killed an angel
  4648 | D        | Killed a merfolk impaler
  4649 | D        | Killed a merfolk javelineer
  4658 | D        | HP: 6/124 [merfolk/+0 glaive[a merfolk impaler] (11)]
  4662 | D        | Gained mutation: Your demonic aura often causes spilled
                  | blood to erupt in flames. [demonic ancestry]
  4662 | D        | Reached XP level 14. HP: 8/132 MP: 6/31
  4666 | D        | Killed Harold
  4672 | D        | Hit by a boomerang thrown by a merfolk

Illustrated notes

Levels and vault maps discovered:
D:        pitsprint [storerooms_1, entrance_room_1, metal_vault_3, armoury_3,
          mini_pit_1, grid_room_1, main_hall_1, silver_pit, the_coven_1,
          the_vestibule_1, steel_vault_2, golden_pit, hallway_of_sentries,
          crystal_vault_6, iron_vault_2, final_vault]

Skill      XL: |  1  2  3  4  5  6  7  8  9 10 11 12 13 14 |
---------------+-------------------------------------------+-----
Axes           | 2 3 4 5 7 8 9 10 12 13 15 | 15.6
Invocations    | 2 6 7 9 11 14 15 17 19 23 25 27 | 27.0
Armour         | 3 4 5 6 7 8 9 10 12 13 15 | 15.6
Shields        | 3 4 5 6 7 8 9 10 12 13 15 | 15.7
Fighting       | 4 5 6 8 9 10 11 13 15 16 17 | 17.0

Action                     |  1- 3 |  4- 6 |  7- 9 | 10-12 | 13-15 || total
---------------------------+-------+-------+-------+-------+-------++-------
  Melee: War axe           |    17 |    50 |    33 |    80 |     9 ||   189
         Headbutt          |       |     8 |     4 |    19 |     5 ||    36
         Broad axe         |       |       |       |       |    18 ||    18
 Invoke: Disaster Area     |       |       |     5 |    17 |     8 ||    30
         Upheaval          |       |       |     3 |     3 |     8 ||    14
         Elemental Force   |       |       |       |     1 |       ||     1
    Use: Potion            |       |     3 |     2 |    17 |     7 ||    29
         Scroll            |       |       |     1 |     5 |     1 ||     7
 Armour: Scale mail        |    12 |    10 |       |       |       ||    22
         Chain mail        |       |    47 |    25 |    98 |     3 ||   173
         Plate armour      |       |       |       |       |     6 ||     6
  Dodge: Dodged            |     7 |    17 |     8 |    50 |     7 ||    89
         Repelled          |       |       |     1 |     1 |     1 ||     3
  Block: Buckler           |     8 |    25 |    28 |   124 |    22 ||   207

Table legend: (Time is in decaauts)
 A = Elapsed time spent in this place.
 B = Non-inter-level travel time spent in this place.
 C = Inter-level travel time spent in this place.
 D = Time resting spent in this place.
 E = Time spent auto-exploring this place.
 F = Levels seen in this place.
 G = Mean time per level.
                   A        B        C        D        E       F      G
               +--------+--------+--------+--------+--------+-----+--------+
         Total |   4734 |   4589 |    145 |   3452 |      0 |   1 | 4734.0 |
       Dungeon |   4734 |   4589 |    145 |   3452 |      0 |   1 | 4734.0 |
               +--------+--------+--------+--------+--------+-----+--------+

Top non-repeatable levels by time:
       D: 4734 daAuts
